 Dungeon Crawl Stone Soup version 0.31-a0-159-gadcf659a07 (webtiles) character file.

Game seed: 16425689686192809253

15817 qw the Marksgargoyle (level 12, 0/78 HPs)
             Began as a Gargoyle Hunter on June 12, 2023.
             Was a Priest of Okawaru.
             Slain by a bone dragon (15 damage)
             ... on level 2 of the Abyss.
             The game lasted 00:06:12 (12504 turns).

qw the Marksgargoyle (Gargoyle Hunter)             Turns: 12504, Time: 00:06:12

Health: 0/78       AC: 17    Str: 16    XL:     12   Next: 31%
Magic:  13/15      EV: 18    Int:  8    God:    Okawaru [***...]
Gold:   746        SH:  0    Dex: 17    Spells: 11/11 levels left

rFire   . . .        Y - +0 arbalest
rCold   + . .        (shield currently unavailable)
rNeg    + . .        b - +2 robe {Will+}
rPois   inf          r - +0 hat {SInv}
rElec   +            (no cloak)
rCorr   .            (no gloves)
SInv    +            (no boots)
Will    +....        (no amulet)
Stlth   +++          u - ring of protection from cold
HPRegen 0.33/turn    g - +4 ring of protection
MPRegen 0.14/turn

%: no passive effects
@: about to teleport, heroic
A: sickness immunity, AC +8, negative energy resistance 1, electricity
resistance, torment resistance 1, petrification resistance, dopey 1
a: Renounce Religion, Heroism


You were on level 2 of the Abyss.
You worshipped Okawaru.
Okawaru was most pleased with you.
You visited 3 branches of the dungeon, and saw 13 of its levels.
You visited the Abyss 1 time.

You collected 746 gold pieces.


Innate Abilities, Weirdness & Mutations

You are immune to sickness and miasma.
Your stone body is resilient. (AC +8)
You are immune to poison.
You resist negative energy. (rN+)
You are resistant to electric shocks. (rElec)
You are resistant to unholy torment.
You are immune to petrification.
You are dopey. (Int -2)


   Skills:
 + Level 10.5(15.5) Fighting
 - Level 16.0(21.0) Ranged Weapons
 - Level 2.1(7.1) Armour
 - Level 5.0(10.0) Dodging
 - Level 1.1(6.1) Stealth
 - Level 4.0 Invocations


You had 11 spell levels left.
You didn't know any spells.
Your spell library was empty.

Inventory:

Hand Weapons
 a - a +0 sling of flaming
 Y - a +0 arbalest (weapon)
Armour
 b - a +2 robe of willpower (worn)
 j - a +0 pair of boots
 q - a +0 helmet
 r - a +0 hat of see invisible (worn)
 s - +0 steam dragon scales
Jewellery
 e - a ring of protection from cold
 g - a +4 ring of protection (right hand)
 p - an amulet of guardian spirit
 t - a ring of fire
 u - a ring of protection from cold (left hand)
Scrolls
 n - a scroll of identify
 o - 2 scrolls of teleportation
 w - a scroll of summoning {unknown}
Potions
 c - a potion of might
 d - 2 potions of lignification
 f - 4 potions of curing
 h - 2 potions of mutation
 i - a potion of resistance
 k - a potion of heal wounds
 l - a potion of enlightenment {unknown}
 m - a potion of haste
 v - a potion of magic {unknown}

Dungeon Overview and Level Annotations

Branches:
Dungeon (11/15)            Temple (1/1) D:7            Lair (1/5) D:11
    Orc: D:9-12

Altars:
Ashenzari
Cheibriados
Dithmenos
Elyvilon
Fedhas
Gozag
Hepliaklqana
Kikubaaqudgha
Makhleb
Nemelex Xobeh
Okawaru
Qazlal
Ru
Sif Muna
Trog
Uskayaw
Vehumet
Wu Jian
Xom
Yredelemnul
Zin
The Shining One

Annotations:
Lair:1 Sonja


Message History

The bolt hits the smoke demon!
The smoke demon is almost dead.
You shoot a bolt.
The bolt hits the bone dragon but does no damage.
The bone dragon is lightly damaged.
The smoke demon gestures at you. Something smites you!
You shoot a bolt. The bolt hits the bone dragon!
The bone dragon is lightly damaged.
The bone dragon bites you but does no damage.
The bone dragon closely misses you. The bone dragon tramples you!
You hold your ground!
The thrashing horror tramples you but does no damage.
The thrashing horror misses you.
A small abomination comes into view.
You shoot a bolt. The bolt hits the bone dragon!!
The bone dragon is moderately damaged.
The thrashing horror tramples you!
You hold your ground!
The thrashing horror tramples you but does no damage.
A thrashing horror comes into view.
The thrashing horror tramples you but does no damage. x2
The smoke demon gestures at you. Something smites you!
The bone dragon bites you but does no damage.
The bone dragon claws you but does no damage.
The bone dragon completely misses you.
The thrashing horror moves out of view.
12503 ||| INVOKING Heroism.
You gain the combat prowess of a mighty hero.
The thrashing horror misses you. The thrashing horror barely misses you.
The smoke demon gestures at you. Something smites you!
The bone dragon bites you! The bone dragon claws you.
The bone dragon barely misses you.
12504 ||| READING 3 scrolls of teleportation.
As you read the scroll of teleportation, it crumbles to dust.
You feel strangely unstable.
You feel the power of the Abyss delaying your translocation!
The thrashing horror misses you.
The thrashing horror tramples you but does no damage.
The bone dragon bites you!
You die...

..# #.. #####
... .. .#..# .
.x.........
....... .....
....#.#.#..
.....5#.. #..
#..#3D.##.....
#. ##@...#
#...#X#.#..#
##.#.....# #
...####ยค...
#..#....#
.#.## #.#..#.#
##.#
#..#...#.# #
#.. ## ..##
.## .##


You could see a bone dragon, a thrashing horror, a smoke demon, a small
abomination and an iron imp.

Vanquished Creatures
  Josephine (D:10)
  4 two-headed ogres
  A cane toad (Lair:1)
  An unseen horror (D:9)
  3 komodo dragons (D:11)
  2 trolls
  A raiju (Abyss:2)
  A harpy skeleton (Abyss:2)
  A wyvern (D:11)
  4 wraiths (D:10)
  Sigmund (D:2)
  A vampire (D:8)
  27 yaks
  4 vampire mosquitoes (D:11)
  3 steam dragons
  Menkaure (D:4)
  A swamp worm (D:11)
  2 acid dragons
  A water moccasin (Lair:1)
  6 orc warriors
  4 ice beasts
  3 sky beasts
  5 black bears
  5 wolves (D:11)
  An ogre (D:6)
  4 centaurs
  2 kobold brigands
  A bullfrog (D:7)
  2 gnoll sergeants
  8 wights
  A howler monkey (D:9)
  A jelly (D:6)
  2 iguanas
  5 orc priests
  6 hounds
  Jessica (D:2)
  Terence (D:2)
  2 sleepcaps
  12 orc wizards
  Robin (D:2)
  11 gnolls
  9 adders
  3 white imps
  2 worms
  4 dart slugs
  63 orcs
  4 bats
  4 endoplasms
  5 giant cockroaches
  14 goblins
  8 hobgoblins
  15 kobolds
  9 quokkas
  4 ball pythons (D:2)
  2 frilled lizards (D:1)
  7 rats
297 creatures vanquished.

Notes
Turn   | Place    | Note
-------+----------+-------------------------------------------
     0 | D:1      | qw the Gargoyle Hunter began the quest for the Orb.
     0 | D:1      | Reached XP level 1. HP: 12/12 MP: 1/1
     0 | D:1      | 0 ||| qw: Version: 0.2-a-29-gc1b59c4
     0 | D:1      | 0 ||| qw: Game counter: 4161
     0 | D:1      | 0 ||| qw: Always use a shield: true
     0 | D:1      | 0 ||| qw: God list: Okawaru
     0 | D:1      | 0 ||| qw: Allow faded altars: false
     0 | D:1      | 0 ||| qw: Do Orc after D:15 true
     0 | D:1      | 0 ||| qw: Do second Lair branch before Depths: true
     0 | D:1      | 0 ||| qw: Lair rune preference: random
     0 | D:1      | 0 ||| qw: Plans: Normal, Zot:1-4, Slime:5, God:TSO, Crypt,
                  | Tomb, Abyss, Pan, Hells, Win
     0 | D:1      | 0 ||| PLANNING D:1-11
    27 | D:1      | Reached XP level 2. HP: 17/17 MP: 2/2
   464 | D:1      | Reached XP level 3. HP: 20/21 MP: 3/3
   472 | D:1      | Reached skill level 5 in Ranged Weapons
   585 | D:1      | 585 ||| FLEEEEING.
   586 | D:1      | 586 ||| FLEEEEING.
   587 | D:1      | 587 ||| FLEEEEING.
   588 | D:1      | 588 ||| FLEEEEING.
   589 | D:1      | 589 ||| FLEEEEING.
   590 | D:1      | 590 ||| FLEEEEING.
   591 | D:1      | 591 ||| FLEEEEING.
   828 | D:1      | 828 ||| UPGRADING to +0 ring mail.
   838 | D:1      | 838 ||| DROPPING +0 leather armour.
   839 | D:1      | 839 ||| UPGRADING to ring of protection from cold.
   840 | D:1      | 840 ||| READING scroll labelled YXKOODW HUNO.
   841 | D:1      | 841 ||| READING scroll labelled MATZIFF JUYSA.
   846 | D:1      | 846 ||| DRINKING 2 ruby potions.
   847 | D:1      | 847 ||| DROPPING scroll of butterflies.
   964 | D:2      | Noticed Terence
   978 | D:2      | Killed Terence
   979 | D:2      | Reached XP level 4. HP: 18/27 MP: 4/4
  1045 | D:2      | Noticed Jessica
  1054 | D:2      | Killed Jessica
  1055 | D:2      | Reached skill level 3 in Fighting
  1170 | D:2      | Reached XP level 5. HP: 32/32 MP: 5/5
  1244 | D:2      | Noticed Sigmund
  1257 | D:2      | 1257 ||| DRINKING 3 potions of curing.
  1257 | D:2      | 1257 ||| (to cure confusion)
  1259 | D:2      | Killed Sigmund
  1260 | D:2      | Reached skill level 6 in Ranged Weapons
  1260 | D:2      | Reached XP level 6. HP: 29/37 MP: 6/6
  1302 | D:2      | Identified the ring of the Real Monster {rElec Int+6}
  1746 | D:2      | Noticed Robin
  1755 | D:2      | Killed Robin
  2004 | D:2      | 2004 ||| UPGRADING to +2 robe of willpower.
  2014 | D:2      | 2014 ||| DROPPING +0 ring mail.
  2015 | D:2      | 2015 ||| UPGRADING to +0 helmet.
  2020 | D:2      | 2020 ||| DROPPING amulet of magic regeneration.
  2021 | D:2      | 2021 ||| UPGRADING to amulet of guardian spirit.
  2026 | D:2      | 2026 ||| DROPPING ring of the Real Monster {rElec Int+6}.
  2027 | D:2      | 2027 ||| READING scroll labelled RAEKETEFEIL.
  2028 | D:2      | 2028 ||| READING scroll labelled NUICAE BOSA.
  2029 | D:2      | 2029 ||| READING 2 scrolls labelled HELOUBE SOFF.
  2030 | D:2      | 2030 ||| READING scroll labelled MULIMO SEUCE.
  2031 | D:2      | 2031 ||| DROPPING scroll of blinking.
  2441 | D:3      | You fall into a shaft and drop 3 floors!
  2444 | D:6      | 2444 ||| READING scroll labelled NUEKUI FOSTELE.
  2545 | D:6      | 2545 ||| READING scroll labelled CEWEIZACUN.
  2574 | D:6      | Noticed a sky beast
  2579 | D:6      | Reached skill level 7 in Ranged Weapons
  2579 | D:6      | Reached XP level 7. HP: 19/43 MP: 3/7
  2589 | D:6      | HP: 10/43 [sky beast (2)]
  2590 | D:6      | 2590 ||| READING scroll of teleportation.
  2593 | D:6      | HP: 4/43 [orc warrior/+0 dire flail (7)]
  2760 | D:6      | 2760 ||| Stepping randomly (stuck).
  2761 | D:6      | 2761 ||| Stepping randomly (stuck).
  2762 | D:6      | 2762 ||| Stepping randomly (stuck).
  2763 | D:6      | 2763 ||| Stepping randomly (stuck).
  2764 | D:6      | 2764 ||| Stepping randomly (stuck).
  2765 | D:6      | 2765 ||| Stepping randomly (stuck).
  2766 | D:6      | 2766 ||| Stepping randomly (stuck).
  2767 | D:6      | 2767 ||| Stepping randomly (stuck).
  2768 | D:6      | 2768 ||| Stepping randomly (stuck).
  2769 | D:6      | 2769 ||| Stepping randomly (stuck).
  2770 | D:6      | 2770 ||| Stepping randomly (stuck).
  2771 | D:6      | 2771 ||| Stepping randomly (stuck).
  2772 | D:6      | 2772 ||| Stepping randomly (stuck).
  2773 | D:6      | 2773 ||| Stepping randomly (stuck).
  2774 | D:6      | 2774 ||| Stepping randomly (stuck).
  2775 | D:6      | 2775 ||| Stepping randomly (stuck).
  2776 | D:6      | 2776 ||| Stepping randomly (stuck).
  2777 | D:6      | 2777 ||| Stepping randomly (stuck).
  2778 | D:6      | 2778 ||| Stepping randomly (stuck).
  2779 | D:6      | 2779 ||| Stepping randomly (stuck).
  2780 | D:6      | 2780 ||| Stepping randomly (stuck).
  2781 | D:6      | 2781 ||| Stepping randomly (stuck).
  2782 | D:6      | 2782 ||| Stepping randomly (stuck).
  2783 | D:6      | 2783 ||| Stepping randomly (stuck).
  2784 | D:6      | 2784 ||| Stepping randomly (stuck).
  2785 | D:6      | 2785 ||| Stepping randomly (stuck).
  2786 | D:6      | 2786 ||| Stepping randomly (stuck).
  2787 | D:6      | 2787 ||| Stepping randomly (stuck).
  2788 | D:6      | 2788 ||| Stepping randomly (stuck).
  2789 | D:6      | 2789 ||| Stepping randomly (stuck).
  2790 | D:6      | 2790 ||| Stepping randomly (stuck).
  2791 | D:6      | 2791 ||| Stepping randomly (stuck).
  2792 | D:6      | 2792 ||| Stepping randomly (stuck).
  2793 | D:6      | 2793 ||| Stepping randomly (stuck).
  2794 | D:6      | 2794 ||| Stepping randomly (stuck).
  2795 | D:6      | 2795 ||| Stepping randomly (stuck).
  2796 | D:6      | 2796 ||| Stepping randomly (stuck).
  2797 | D:6      | 2797 ||| Stepping randomly (stuck).
  2798 | D:6      | 2798 ||| Stepping randomly (stuck).
  2799 | D:6      | 2799 ||| Stepping randomly (stuck).
  2800 | D:6      | 2800 ||| Stepping randomly (stuck).
  2801 | D:6      | 2801 ||| Stepping randomly (stuck).
  2802 | D:6      | 2802 ||| Stepping randomly (stuck).
  2803 | D:6      | 2803 ||| Stepping randomly (stuck).
  2804 | D:6      | 2804 ||| Stepping randomly (stuck).
  2805 | D:6      | 2805 ||| Stepping randomly (stuck).
  2806 | D:6      | 2806 ||| Stepping randomly (stuck).
  2807 | D:6      | 2807 ||| Stepping randomly (stuck).
  2808 | D:6      | 2808 ||| Stepping randomly (stuck).
  2809 | D:6      | 2809 ||| Stepping randomly (stuck).
  2810 | D:6      | 2810 ||| Stepping randomly (stuck).
  2811 | D:6      | 2811 ||| Stepping randomly (stuck).
  2812 | D:6      | 2812 ||| Stepping randomly (stuck).
  2813 | D:6      | 2813 ||| Stepping randomly (stuck).
  2814 | D:6      | 2814 ||| Stepping randomly (stuck).
  2815 | D:6      | 2815 ||| Stepping randomly (stuck).
  2816 | D:6      | 2816 ||| Stepping randomly (stuck).
  2817 | D:6      | 2817 ||| Stepping randomly (stuck).
  2818 | D:6      | 2818 ||| Stepping randomly (stuck).
  2819 | D:6      | 2819 ||| Stepping randomly (stuck).
  2820 | D:6      | 2820 ||| Stepping randomly (stuck).
  2821 | D:6      | 2821 ||| Stepping randomly (stuck).
  2822 | D:6      | 2822 ||| Stepping randomly (stuck).
  2823 | D:6      | 2823 ||| Stepping randomly (stuck).
  2824 | D:6      | 2824 ||| Stepping randomly (stuck).
  2825 | D:6      | 2825 ||| Stepping randomly (stuck).
  2826 | D:6      | 2826 ||| Stepping randomly (stuck).
  2827 | D:6      | 2827 ||| Stepping randomly (stuck).
  2828 | D:6      | 2828 ||| Stepping randomly (stuck).
  2829 | D:6      | 2829 ||| Stepping randomly (stuck).
  2830 | D:6      | 2830 ||| Stepping randomly (stuck).
  2831 | D:6      | 2831 ||| Stepping randomly (stuck).
  2832 | D:6      | 2832 ||| Stepping randomly (stuck).
  2833 | D:6      | 2833 ||| Stepping randomly (stuck).
  2834 | D:6      | 2834 ||| Stepping randomly (stuck).
  2835 | D:6      | 2835 ||| Stepping randomly (stuck).
  2836 | D:6      | 2836 ||| Stepping randomly (stuck).
  2837 | D:6      | 2837 ||| Stepping randomly (stuck).
  2838 | D:6      | 2838 ||| Stepping randomly (stuck).
  2839 | D:6      | 2839 ||| Stepping randomly (stuck).
  2840 | D:6      | 2840 ||| Stepping randomly (stuck).
  2841 | D:6      | 2841 ||| Stepping randomly (stuck).
  2842 | D:6      | 2842 ||| Stepping randomly (stuck).
  2843 | D:6      | 2843 ||| Stepping randomly (stuck).
  2844 | D:6      | 2844 ||| Stepping randomly (stuck).
  2845 | D:6      | 2845 ||| Stepping randomly (stuck).
  2846 | D:6      | 2846 ||| Stepping randomly (stuck).
  2847 | D:6      | 2847 ||| Stepping randomly (stuck).
  2848 | D:6      | 2848 ||| Stepping randomly (stuck).
  2849 | D:6      | 2849 ||| Stepping randomly (stuck).
  2850 | D:6      | 2850 ||| Stepping randomly (stuck).
  2851 | D:6      | 2851 ||| Stepping randomly (stuck).
  2852 | D:6      | 2852 ||| Stepping randomly (stuck).
  2853 | D:6      | 2853 ||| Stepping randomly (stuck).
  2854 | D:6      | 2854 ||| Stepping randomly (stuck).
  2855 | D:6      | 2855 ||| Stepping randomly (stuck).
  2856 | D:6      | 2856 ||| Stepping randomly (stuck).
  2857 | D:6      | 2857 ||| Stepping randomly (stuck).
  2858 | D:6      | 2858 ||| Stepping randomly (stuck).
  2859 | D:6      | 2859 ||| Stepping randomly (stuck).
  2860 | D:6      | 2860 ||| Stepping randomly (stuck).
  2861 | D:6      | 2861 ||| Stepping randomly (stuck).
  2862 | D:6      | 2862 ||| Stepping randomly (stuck).
  2863 | D:6      | 2863 ||| Stepping randomly (stuck).
  2864 | D:6      | 2864 ||| Stepping randomly (stuck).
  2865 | D:6      | 2865 ||| Stepping randomly (stuck).
  2866 | D:6      | 2866 ||| Stepping randomly (stuck).
  2867 | D:6      | 2867 ||| Stepping randomly (stuck).
  2868 | D:6      | 2868 ||| Stepping randomly (stuck).
  2869 | D:6      | 2869 ||| Stepping randomly (stuck).
  2870 | D:6      | 2870 ||| Stepping randomly (stuck).
  2871 | D:6      | 2871 ||| Stepping randomly (stuck).
  2872 | D:6      | 2872 ||| Stepping randomly (stuck).
  2873 | D:6      | 2873 ||| Stepping randomly (stuck).
  2874 | D:6      | 2874 ||| Stepping randomly (stuck).
  2875 | D:6      | 2875 ||| Stepping randomly (stuck).
  2876 | D:6      | 2876 ||| Stepping randomly (stuck).
  2877 | D:6      | 2877 ||| Stepping randomly (stuck).
  2878 | D:6      | 2878 ||| Stepping randomly (stuck).
  2879 | D:6      | 2879 ||| Stepping randomly (stuck).
  2880 | D:6      | 2880 ||| Stepping randomly (stuck).
  2881 | D:6      | 2881 ||| Stepping randomly (stuck).
  2882 | D:6      | 2882 ||| Stepping randomly (stuck).
  2883 | D:6      | 2883 ||| Stepping randomly (stuck).
  2884 | D:6      | 2884 ||| Stepping randomly (stuck).
  2885 | D:6      | 2885 ||| Stepping randomly (stuck).
  2886 | D:6      | 2886 ||| Stepping randomly (stuck).
  2887 | D:6      | 2887 ||| Stepping randomly (stuck).
  2888 | D:6      | 2888 ||| Stepping randomly (stuck).
  2889 | D:6      | 2889 ||| Stepping randomly (stuck).
  2890 | D:6      | 2890 ||| Stepping randomly (stuck).
  2891 | D:6      | 2891 ||| Stepping randomly (stuck).
  2892 | D:6      | 2892 ||| Stepping randomly (stuck).
  2893 | D:6      | 2893 ||| Stepping randomly (stuck).
  2894 | D:6      | 2894 ||| Stepping randomly (stuck).
  2895 | D:6      | 2895 ||| Stepping randomly (stuck).
  2896 | D:6      | 2896 ||| Stepping randomly (stuck).
  2897 | D:6      | 2897 ||| Stepping randomly (stuck).
  2898 | D:6      | 2898 ||| Stepping randomly (stuck).
  2899 | D:6      | 2899 ||| Stepping randomly (stuck).
  2900 | D:6      | 2900 ||| Stepping randomly (stuck).
  2901 | D:6      | 2901 ||| Stepping randomly (stuck).
  2902 | D:6      | 2902 ||| Stepping randomly (stuck).
  2903 | D:6      | 2903 ||| Stepping randomly (stuck).
  2904 | D:6      | 2904 ||| Stepping randomly (stuck).
  2905 | D:6      | 2905 ||| Stepping randomly (stuck).
  2906 | D:6      | 2906 ||| Stepping randomly (stuck).
  2907 | D:6      | 2907 ||| Stepping randomly (stuck).
  2908 | D:6      | 2908 ||| Stepping randomly (stuck).
  2909 | D:6      | 2909 ||| Stepping randomly (stuck).
  2910 | D:6      | 2910 ||| Stepping randomly (stuck).
  2911 | D:6      | 2911 ||| Stepping randomly (stuck).
  2912 | D:6      | 2912 ||| Stepping randomly (stuck).
  2921 | D:5      | Entered Level 5 of the Dungeon
  2955 | D:5      | 2955 ||| STAIRDANCE
  2984 | D:4      | 2984 ||| FLEEEEING.
  2985 | D:4      | 2985 ||| FLEEEEING.
  2986 | D:4      | 2986 ||| FLEEEEING.
  2987 | D:4      | 2987 ||| STAIRDANCE
  3022 | D:3      | 3022 ||| Stepping ~*~*~tactically~*~*~ (outnumbered).
  3024 | D:3      | 3024 ||| Stepping ~*~*~tactically~*~*~ (outnumbered).
  3035 | D:3      | HP: 9/43 [gnoll/+2 heavy spear (4)]
  3036 | D:3      | HP: 3/43 [gnoll/+2 heavy spear (7)]
  3251 | D:3      | Found a broken altar of Ashenzari.
  3440 | D:4      | Reached skill level 8 in Ranged Weapons
  3740 | D:4      | Noticed Menkaure
  3751 | D:4      | Killed Menkaure
  3752 | D:4      | Reached XP level 8. HP: 50/50 MP: 8/8
  3906 | D:4      | Found a shadowy altar of Dithmenos.
  3906 | D:4      | Found a blossoming altar of Fedhas.
  4166 | D:5      | Reached skill level 9 in Ranged Weapons
  4233 | D:5      | Found a burning altar of Makhleb.
  4273 | D:5      | Found an opulent altar of Gozag.
  4273 | D:5      | Found a white marble altar of Elyvilon.
  4294 | D:5      | 4294 ||| READING scroll of enchant weapon.
  4294 | D:5      | 4294 ||| ENCHANTING +1 shortbow.
  4576 | D:5      | Reached skill level 6 in Fighting
  4819 | D:5      | 4819 ||| DRINKING 2 bubbling emerald potions.
  4819 | D:5      | Gained mutation: You are dopey. (Int -2) [potion of
                  | mutation]
  4901 | D:6      | 4901 ||| Stepping ~*~*~tactically~*~*~ (outnumbered).
  4914 | D:6      | HP: 10/52 [gnoll sergeant/+4 heavy spear (7)]
  5118 | D:6      | HP: 11/52 [orc warrior/+0 dire flail (11)]
  5179 | D:6      | 5179 ||| FLEEEEING.
  5180 | D:6      | 5180 ||| FLEEEEING.
  5181 | D:6      | 5181 ||| FLEEEEING.
  5182 | D:6      | 5182 ||| FLEEEEING.
  5249 | D:6      | Reached XP level 9. HP: 51/56 MP: 9/9
  5279 | D:6      | Reached skill level 10 in Ranged Weapons
  5309 | D:6      | 5309 ||| FLEEEEING.
  5310 | D:6      | 5310 ||| FLEEEEING.
  5311 | D:6      | 5311 ||| FLEEEEING.
  5312 | D:6      | 5312 ||| FLEEEEING.
  5313 | D:6      | 5313 ||| FLEEEEING.
  5314 | D:6      | 5314 ||| FLEEEEING.
  5315 | D:6      | 5315 ||| FLEEEEING.
  5390 | D:6      | Reached skill level 3 in Dodging
  5718 | D:6      | Found a radiant altar of Vehumet.
  5725 | D:6      | 5725 ||| READING scroll labelled WAORASCH DITZIWK.
  5726 | D:6      | 5726 ||| READING scroll labelled DUOFRAY XAITOF.
  5727 | D:6      | 5727 ||| READING 2 scrolls of identify.
  5727 | D:6      | 5727 ||| IDENTIFYING fuming blue potion
  5901 | D:7      | 5901 ||| SWAPPING to +0 orcbow.
  5920 | D:7      | 5920 ||| DROPPING +2 shortbow of chaos.
  6003 | D:7      | Found a staircase to the Ecumenical Temple.
  6004 | D:7      | 6004 ||| PLANNING TEMPLE
  6004 | D:7      | 6004 ||| DROPPING +1 robe of positive energy.
  6005 | D:7      | 6005 ||| READING 2 scrolls of identify.
  6005 | D:7      | 6005 ||| IDENTIFYING glowing brown potion
  6011 | Temple   | Entered the Ecumenical Temple
  6080 | Temple   | 6080 ||| PLANNING OKAWARU WORSHIP
  6183 | Temple   | Became a worshipper of Warmaster Okawaru
  6183 | Temple   | 6183 ||| PLANNING D:1-11
  6184 | Temple   | 6184 ||| REMOVING amulet of guardian spirit.
  6292 | D:7      | 6292 ||| READING scroll of enchant weapon.
  6292 | D:7      | 6292 ||| ENCHANTING +0 orcbow.
  6303 | D:7      | Noticed a two-headed ogre
  6321 | D:7      | HP: 7/57 [two-headed ogre/+0 giant spiked club (9)]
  6322 | D:7      | Killed a two-headed ogre
  6323 | D:7      | Reached skill level 11 in Ranged Weapons
  6331 | D:7      | HP: 7/57 [something/magic dart (3)]
  6607 | D:7      | 6607 ||| Stepping ~*~*~tactically~*~*~ (outnumbered).
  6614 | D:7      | 6614 ||| Stepping ~*~*~tactically~*~*~ (outnumbered).
  6698 | D:7      | Reached * piety under Okawaru
  6699 | D:7      | 6699 ||| INVOKING Heroism.
  7044 | D:7      | 7044 ||| INVOKING Heroism.
  7156 | D:7      | 7156 ||| READING 3 scrolls of identify.
  7156 | D:7      | 7156 ||| IDENTIFYING fuming white potion
  7157 | D:7      | 7157 ||| READING 2 scrolls of identify.
  7157 | D:7      | 7157 ||| IDENTIFYING bubbling ruby potion
  7158 | D:7      | 7158 ||| DROPPING potion of ambrosia.
  7159 | D:7      | 7159 ||| DROPPING potion of brilliance.
  7204 | D:8      | 7204 ||| Stepping randomly (disturbance).
  7323 | D:8      | Reached XP level 10. HP: 54/64 MP: 10/10
  7324 | D:8      | 7324 ||| FLEEEEING.
  7325 | D:8      | 7325 ||| FLEEEEING.
  7326 | D:8      | 7326 ||| FLEEEEING.
  7327 | D:8      | 7327 ||| FLEEEEING.
  7328 | D:8      | 7328 ||| FLEEEEING.
  7329 | D:8      | 7329 ||| FLEEEEING.
  7330 | D:8      | 7330 ||| FLEEEEING.
  7331 | D:8      | 7331 ||| FLEEEEING.
  7332 | D:8      | 7332 ||| FLEEEEING.
  7333 | D:8      | 7333 ||| FLEEEEING.
  7334 | D:8      | 7334 ||| FLEEEEING.
  7335 | D:8      | 7335 ||| FLEEEEING.
  7346 | D:8      | Reached skill level 1 in Invocations
  7453 | D:8      | Reached skill level 12 in Ranged Weapons
  7459 | D:8      | 7459 ||| INVOKING Heroism.
  7462 | D:8      | Reached skill level 3 in Invocations
  7465 | D:8      | HP: 16/64 [yak (5)]
  7466 | D:8      | 7466 ||| READING scroll of teleportation.
  7470 | D:8      | 7470 ||| FLEEEEING.
  7481 | D:8      | 7481 ||| INVOKING Heroism.
  7487 | D:8      | HP: 12/64 [orc/+0 club (2)]
  7491 | D:8      | HP: 4/64 [yak (7)]
  7875 | D:8      | 7875 ||| UPGRADING to +0 hat of see invisible.
  7885 | D:8      | 7885 ||| UPGRADING to ring of protection from cold.
  7886 | D:8      | 7886 ||| READING scroll labelled ZESOSK HOLIULI.
  7887 | D:8      | 7887 ||| DRINKING 2 golden potions.
  7888 | D:8      | 7888 ||| READING 2 scrolls of identify.
  7888 | D:8      | 7888 ||| IDENTIFYING bubbling amethyst potion
  7911 | D:9      | 7911 ||| STAIRDANCE
  7957 | D:9      | 7957 ||| INVOKING Heroism.
  8081 | D:9      | 8081 ||| INVOKING Heroism.
  8083 | D:9      | 8083 ||| Stepping ~*~*~tactically~*~*~ (outnumbered).
  8084 | D:9      | 8084 ||| Stepping ~*~*~tactically~*~*~ (outnumbered).
  8086 | D:9      | 8086 ||| Stepping ~*~*~tactically~*~*~ (outnumbered).
  8098 | D:9      | 8098 ||| INVOKING Heroism.
  8122 | D:9      | 8122 ||| FLEEEEING.
  8123 | D:9      | 8123 ||| FLEEEEING.
  8124 | D:9      | 8124 ||| FLEEEEING.
  8125 | D:9      | 8125 ||| FLEEEEING.
  8126 | D:9      | 8126 ||| FLEEEEING.
  8127 | D:9      | 8127 ||| FLEEEEING.
  8128 | D:9      | 8128 ||| FLEEEEING.
  8129 | D:9      | 8129 ||| FLEEEEING.
  8130 | D:9      | 8130 ||| FLEEEEING.
  8131 | D:9      | 8131 ||| FLEEEEING.
  8132 | D:9      | 8132 ||| FLEEEEING.
  8133 | D:9      | 8133 ||| FLEEEEING.
  8134 | D:9      | 8134 ||| FLEEEEING.
  8135 | D:9      | 8135 ||| FLEEEEING.
  8136 | D:9      | 8136 ||| FLEEEEING.
  8137 | D:9      | 8137 ||| FLEEEEING.
  8138 | D:9      | 8138 ||| FLEEEEING.
  8139 | D:9      | 8139 ||| FLEEEEING.
  8140 | D:9      | 8140 ||| FLEEEEING.
  8141 | D:9      | 8141 ||| FLEEEEING.
  8142 | D:9      | 8142 ||| FLEEEEING.
  8143 | D:9      | 8143 ||| STAIRDANCE
  8195 | D:9      | Found a flagged portal.
  8234 | D:9      | 8234 ||| INVOKING Heroism.
  8381 | D:9      | 8381 ||| INVOKING Heroism.
  8396 | D:9      | Reached ** piety under Okawaru
  8397 | D:9      | Reached skill level 13 in Ranged Weapons
  8578 | D:9      | Noticed a two-headed ogre
  8579 | D:9      | 8579 ||| INVOKING Heroism.
  8590 | D:9      | HP: 14/64 [two-headed ogre/+0 giant club (19)]
  8592 | D:9      | Killed a two-headed ogre
  8593 | D:9      | Reached skill level 9 in Fighting
  8759 | D:9      | 8759 ||| INVOKING Heroism.
  8761 | D:9      | Reached XP level 11. HP: 19/71 MP: 11/14
  8976 | D:9      | 8976 ||| INVOKING Heroism.
  9094 | D:9      | 9094 ||| SWAPPING to +0 arbalest.
  9097 | D:9      | 9097 ||| DROPPING +1 orcbow.
  9306 | D:9      | 9306 ||| READING scroll labelled PAIGHUYTOIN.
  9326 | D:10     | Entered Level 10 of the Dungeon
  9330 | D:10     | 9330 ||| INVOKING Heroism.
  9338 | D:10     | 9338 ||| STAIRDANCE
  9340 | D:9      | HP: 17/71 [steam dragon (3)]
  9343 | D:9      | HP: 6/71 [steam dragon] (5)]
  9347 | D:9      | HP: 2/71 [steam dragon] (1)]
  9350 | D:9      | 9350 ||| INVOKING Heroism.
  9576 | D:10     | 9576 ||| STAIRDANCE
  9580 | D:9      | 9580 ||| INVOKING Heroism.
  9757 | D:10     | Reached skill level 14 in Ranged Weapons
  9790 | D:10     | Found a hazy altar of Hepliaklqana.
  9833 | D:10     | 9833 ||| INVOKING Heroism.
  9838 | D:10     | 9838 ||| Stepping ~*~*~tactically~*~*~ (outnumbered).
  9974 | D:10     | 9974 ||| INVOKING Heroism.
 10026 | D:10     | Noticed a two-headed ogre
 10027 | D:10     | 10027 ||| INVOKING Heroism.
 10038 | D:10     | Killed a two-headed ogre
 10219 | D:10     | Noticed Josephine
 10228 | D:10     | 10228 ||| INVOKING Heroism.
 10230 | D:10     | Killed Josephine
 10244 | D:10     | 10244 ||| INVOKING Heroism.
 10361 | D:10     | Found a shadowy altar of Dithmenos.
 10621 | D:10     | 10621 ||| UPGRADING to +4 ring of protection.
 10623 | D:10     | 10623 ||| READING 2 scrolls of identify.
 10623 | D:10     | 10623 ||| IDENTIFYING fizzy yellow potion
 10649 | D:11     | 10649 ||| INVOKING Heroism.
 10709 | D:11     | 10709 ||| INVOKING Heroism.
 10786 | D:11     | 10786 ||| INVOKING Heroism.
 10805 | D:11     | 10805 ||| INVOKING Heroism.
 10852 | D:11     | Found a staircase to the Lair.
 11163 | D:11     | Reached *** piety under Okawaru
 11164 | D:11     | Reached skill level 15 in Ranged Weapons
 11182 | D:11     | 11182 ||| INVOKING Heroism.
 11334 | D:11     | 11334 ||| INVOKING Heroism.
 11345 | D:11     | Reached XP level 12. HP: 77/77 MP: 13/15
 11395 | D:11     | 11395 ||| INVOKING Heroism.
 11396 | D:11     | Noticed a two-headed ogre
 11406 | D:11     | Killed a two-headed ogre
 11781 | D:11     | 11781 ||| PLANNING LAIR
 11781 | D:11     | 11781 ||| READING scroll labelled OBINESAIRCH.
 11889 | Lair:1   | Entered Level 1 of the Lair of Beasts
 11896 | Lair:1   | 11896 ||| STAIRDANCE
 11898 | D:11     | 11898 ||| INVOKING Heroism.
 12009 | Lair:1   | 12009 ||| INVOKING Heroism.
 12021 | Lair:1   | 12021 ||| STAIRDANCE
 12029 | D:11     | 12029 ||| INVOKING Heroism.
 12234 | Lair:1   | 12234 ||| Stepping ~*~*~tactically~*~*~ (water).
 12266 | Lair:1   | 12266 ||| INVOKING Heroism.
 12269 | Lair:1   | Reached skill level 16 in Ranged Weapons
 12346 | Lair:1   | Noticed Sonja
 12356 | Abyss:2  | Cast into level 2 of the Abyss (Sonja)
 12409 | Abyss:2  | Found a corrupted altar of Lugonu.
 12426 | Abyss:2  | Found a corrupted altar of Lugonu.
 12494 | Abyss:2  | Noticed a bone dragon
 12499 | Abyss:2  | Noticed a thrashing horror
 12502 | Abyss:2  | Noticed a thrashing horror
 12503 | Abyss:2  | 12503 ||| INVOKING Heroism.
 12503 | Abyss:2  | HP: 18/78 [bone dragon (11)]
 12504 | Abyss:2  | 12504 ||| READING 3 scrolls of teleportation.
 12504 | Abyss:2  | Slain by a bone dragon

Levels and vault maps discovered:
D:1:      beargit_arrival_greenhouse, layout_basic, nicolae_wormholes
D:2:      kennysheep_big_flooded_room, layout_basic, minmay_fountain_box,
          chequers_big_river, minmay_misc_feat_plants, uniq_sigmund, uniq_robin,
          uniq_jessica, uniq_terence
D:3:      layout_basic, lemuel_tele_altar
D:4:      layout_loops_ring, amethyst_overflow_temple_binary, uniq_menkaure
D:5:      layout_basic, grunt_temple_overflow_open
D:6:      layout_gridville, mainiacjoe_overflow_alcove_4
D:7:      layout_gridville, temple_green
D:8:      layout_cave_pools
D:9:      layout_roguey [special_room_orc], enter_bailey_2
D:10:     layout_loops_ring, hangedman_feature_mirror, uniq_josephine
D:11:     layout_long_grid, erik_lair_dragon
Temple:   nicolae_temple_bog_church
Lair:1:   layout_gridlike, portal_ice_cave_entry_imps, serial_bayou_ford_a,
          chequers_serial_rivers_small_b, worms_lemuel, uniq_sonja,
          uniq_amaemon, uniq_maggie
Abyss:2:  base: D:1, evilmike_abyss_exit_17

Skill      XL: |  1  2  3  4  5  6  7  8  9 10 11 12 |
---------------+-------------------------------------+-----
Ranged Weapons | 5 6 7 8 9 11 13 15 16 | 16.0
Armour         | 2 |  2.1
Fighting       | 3 4 5 6 8 9 10 | 10.5
Dodging        | 2 3 4 5 |  5.0
Invocations    | 4 |  4.0
Stealth        | |  1.1

Action                     |  1- 3 |  4- 6 |  7- 9 | 10-12 || total
---------------------------+-------+-------+-------+-------++-------
   Fire: Shortbow          |   104 |   142 |   336 |       ||   582
         Orcbow            |       |       |   141 |   245 ||   386
         Arbalest          |       |       |       |   308 ||   308
 Invoke: Heroism           |       |       |     2 |    30 ||    32
    Use: Scroll            |     2 |     6 |     9 |     7 ||    24
         Potion            |     1 |     1 |     1 |     1 ||     4
 Armour: Leather armour    |     6 |       |       |       ||     6
         Ring mail         |     3 |    30 |       |       ||    33
         Robe              |       |    14 |   112 |   171 ||   297
  Dodge: Dodged            |    19 |    43 |   166 |   321 ||   549

Table legend:
 A = Non-vault XP
 B = Vault XP
 C = Vault XP percentage of total XP
 D = Non-vault monster count
 E = Vault monster count
 F = Vault count percentage of total count
                 A         B        C        D         E       F
            +---------+---------+-------+---------+---------+-------
      Total |   18401 |    4195 |  18.6 |     245 |      52 |  17.5
            +---------+---------+-------+---------+---------+-------
        D:1 |      47 |       5 |   9.6 |      26 |       1 |   3.7
        D:2 |      71 |     326 |  82.1 |      23 |      14 |  37.8
        D:3 |      83 |       0 |   0.0 |      12 |       0 |   0.0
        D:4 |     386 |     165 |  29.9 |      19 |       1 |   5.0
        D:5 |     425 |       0 |   0.0 |      10 |       0 |   0.0
        D:6 |    1188 |       0 |   0.0 |      29 |       0 |   0.0
        D:7 |    1827 |       0 |   0.0 |      28 |       0 |   0.0
        D:8 |    1882 |       0 |   0.0 |      21 |       0 |   0.0
        D:9 |    3886 |     377 |   8.8 |      28 |      25 |  47.2
       D:10 |    2324 |    1713 |  42.4 |      15 |       5 |  25.0
       D:11 |    4505 |    1609 |  26.3 |      27 |       6 |  18.2
     Lair:1 |    1218 |       0 |   0.0 |       5 |       0 |   0.0
    Abyss:2 |     559 |       0 |   0.0 |       2 |       0 |   0.0
            +---------+---------+-------+---------+---------+-------
